 Dungeon Crawl Stone Soup version 0.29.0-11-gd7f09526c8 (webtiles) character file.

Game seed: 5342528072750740841

57563 Arum the Warrior (level 15, -1/124 (131) HPs)
             Began as a Formicid Fighter on Sept 2, 2022.
             Was a High Priest of the Shining One.
             Slain by Frances
             ... wielding a +1 scimitar of protection
              (8 damage)
             ... on level 14 of the Dungeon.
             The game lasted 00:36:36 (21477 turns).

Arum the Warrior (Formicid Fighter)                Turns: 21477, Time: 00:36:37

HP:   -1/124 (131)  AC: 20    Str: 27    XL:     15   Next: 26%
MP:   15/15         EV:  9    Int: 14    God:    the Shining One [*****.]
Gold: 274           SH: 18    Dex: 13    Spells: 14/14 levels left

rFire   + . .      SeeInvis +   v - +3 quarterstaff (speed)
rCold   . . .      Faith    .   l - +0 tower shield
rNeg    + + .      Spirit   .   A - +0 plate armour
rPois   +          Reflect  .   (helmet unavailable)
rElec   .          Harm     .   x - +0 cloak
rCorr   .          Rampage  .   K - +0 pair of gloves
Will    ++...                   N - +2 pair of boots of Entitlement {-Tele Fly rF+ Int+5 Slay+2}
Stlth   ..........              D - amulet of regeneration
HPRegen 1.10/turn               J - ring of willpower
MPRegen 0.14/turn               G - ring of poison resistance

@: flying, glowing, drained
A: permanent stasis, dig shafts and tunnels, antennae 3, four strong arms
a: Dig, Shaft Self, Renounce Religion, Divine Shield, Cleansing Flame, Summon
Divine Warrior


You were on level 14 of the Dungeon.
You worshipped the Shining One.
The Shining One was extremely pleased with you.
You visited 2 branches of the dungeon, and saw 19 of its levels.
You also visited: Sewer.

You collected 1473 gold pieces.
You spent 1199 gold pieces at shops.

Inventory:

Hand Weapons
 a - a +1 quarterstaff
 v - a +3 quarterstaff of speed (weapon)
 C - a +4 vorpal quarterstaff
Missiles
 i - 4 throwing nets
Armour
 l - a +0 tower shield (worn)
 x - a +0 cloak (worn)
 A - a +0 plate armour (worn)
 K - a +0 pair of gloves (worn)
 N - the +2 pair of boots of Entitlement (worn) {-Tele Fly rF+ Int+5 Slay+2}
   (You acquired it on level 1 of the Dungeon)

   Int:       It affects your intelligence (+5).
   Slay:      It affects your accuracy & damage with ranged weapons and melee
   (+2).
   rF:        It protects you from fire.
   Fly:       It grants you flight.
   -Tele:     It prevents most forms of teleportation.
 R - +0 fire dragon scales
Jewellery
 h - a ring of fire
 z - a ring of ice
 D - an amulet of regeneration (around neck)
 G - a ring of poison resistance (right hand)
 J - a ring of willpower (left hand)
Wands
 w - a wand of paralysis (10)
 y - a wand of polymorph (2)
 B - a wand of digging (7)
 F - a wand of roots (11)
 H - a wand of flame (19)
 P - a wand of mindburst (16)
Scrolls
 b - 5 scrolls of magic mapping
 c - a scroll of torment
 g - 8 scrolls of enchant armour
 j - 2 scrolls of summoning
 m - 7 scrolls of poison
 o - 3 scrolls of brand weapon
 p - a scroll of immolation
 s - 4 scrolls of amnesia
 t - a scroll of fear
 I - 2 scrolls of butterflies
 L - 2 scrolls of noise
 M - 4 scrolls of identify
 Q - 3 scrolls of vulnerability
 S - a scroll of enchant weapon
Potions
 d - 3 potions of brilliance
 e - 2 potions of ambrosia
 f - 5 potions of flight
 k - 4 potions of magic
 n - 2 potions of mutation
 q - 2 potions of cancellation
 r - 5 potions of lignification
 u - 7 potions of curing
 E - a potion of attraction
 O - a potion of resistance


   Skills:
 + Level 16.0 Fighting
 - Level 14.0 Staves
 - Level 10.0 Armour
 + Level 8.0 Dodging
 - Level 15.0 Shields


You had 14 spell levels left.
You didn't know any spells.
Your spell library contained the following spells:

 Spells                   Type           Power      Damage    Failure   Level
 Beastly Appendage        Tmut           0%         N/A       100%        1
 Shock                    Conj/Air       0%         1d3       100%        1
 Slow                     Hex            0%         N/A       100%        1
 Ensorcelled Hibernation  Hex/Ice        0%         N/A       100%        2
 Passwall                 Tmut/Erth      0%         N/A       100%        2
 Wereblood                Tmut           0%         N/A       100%        2
 Confusing Touch          Hex            0%         N/A       100%        3
 Conjure Flame            Conj/Fire      0%         6-21      100%        3
 Dazzling Flash           Conj/Hex       0%         N/A       100%        3
 Ignite Poison            Fire/Tmut/Pois 0%         N/A       100%        3
 Lesser Beckoning         Tloc           0%         N/A       100%        3
 Portal Projectile        Hex/Tloc       0%         N/A       100%        3
 Spider Form              Tmut/Pois      0%         N/A       100%        3
 Tukima's Dance           Hex            0%         N/A       100%        3
 Vampiric Draining        Necr           0%         2d6       100%        3
 Airstrike                Air            0%         2d(0-16)  100%        4
 Cause Fear               Hex            0%         N/A       100%        4
 Fulminant Prism          Conj/Hex       0%         3d6       100%        4
 Iskenderun's Mystic Bla  Conj/Tloc      0%         2d3       100%        4
 Petrify                  Tmut/Erth      0%         N/A       100%        4
 Sticky Flame             Conj/Fire      0%         2d3       100%        4
 Agony                    Necr           0%         N/A       100%        5
 Blade Hands              Tmut           0%         N/A       100%        5
 Lee's Rapid Deconstruct  Erth           0%         3d5*      100%        5
 Manifold Assault         Tloc           0%         N/A       100%        5
 Silence                  Hex/Air        0%         N/A       100%        5
 Summon Forest            Summ/Tloc      0%         N/A       100%        5
 Eringya's Noxious Bog    Tmut/Pois      0%         N/A       100%        6
 Dragon Form              Tmut           0%         N/A       100%        7
 Summon Hydra             Summ           0%         N/A       100%        7
 Dragon's Call            Summ           0%         N/A       100%        9
 Blink                    Tloc           Unusable   N/A       N/A         2
 Swiftness                Air            Unusable   N/A       N/A         3

Dungeon Overview and Level Annotations

Branches:
Dungeon (14/15)            Temple (0/1) D:5            Lair (5/5) D:9
 Shoals (0/4) Lair:2       Spider (0/4) Lair:3        Slime (0/5) Lair:4
    Orc (0/2) D:9          Vaults (0/5) D:14          Sewer (visited)

Altars:
Dithmenos
Hepliaklqana
Okawaru
Sif Muna
Wu Jian
Xom
Yredelemnul
The Shining One
Jiyva

Shops:
D:1 ?   D:4 *::!   D:9 =

Annotations:
D:14 Frances


Innate Abilities, Weirdness & Mutations

You cannot be hasted, slowed, berserked, paralysed or teleported.
You can dig through walls and to a lower floor.
You have a pair of large antennae on your head. (SInv)
Your four strong arms can wield two-handed weapons with a shield.


Message History

Frances is heavily wounded.
Frances hits you but does no damage.
You sock Frances!
Frances is heavily wounded.
Frances hits you with a +1 scimitar of protection.
You hit Frances but do no damage.
Frances is heavily wounded.
Frances barely misses you.
You hit Frances.
Frances is heavily wounded.
You barely miss Frances.
Frances is heavily wounded.
Frances whispers indecipherable words.
The shard of ice hits you!!!
* * * LOW HITPOINT WARNING * * *
You are too injured to fight recklessly!
Okay, then.
Okay, then.
Unknown command.
You barely miss Frances.
Frances is heavily wounded.
Frances mutters in a terrible tongue.
You block the shard of ice.
You hit Frances.
Frances is severely wounded.
Frances says, "Would you challenge me, knowing my power?"
You block Frances's attack.
You bludgeon Frances!!
Frances is severely wounded.
Frances hits you with a +1 scimitar of protection!
* * * LOW HITPOINT WARNING * * *
You sock Frances!
Frances is almost dead.
You hit Frances but do no damage.
Frances is almost dead.
You block Frances's attack.
You hit Frances.
Frances is almost dead.
Frances hits you with a +1 scimitar of protection!
You die...

#+ #.### #.#@##
#^.#@#
####'########
#...........#
######
#<.)........#
#.....
#[([........###
#.....
#.......<...'.#
#.....
#..........@#.#
#)...>
#...........#.#
#.....
#.........<.#.#
#.....


You could see Frances (fast).

Vanquished Creatures
  Louise (D:14)
  A fire dragon (Lair:5)
  A vault guard (D:14)
  3 boulder beetles
  6 hydras
  3 centaur warriors
  6 two-headed ogres
  4 death yaks (Lair:4)
  A fire crab (Lair:5)
  Amaemon (D:8)
  A wizard (D:14)
  A lindwurm (Lair:3)
  4 manticores
  2 cyclopes
  2 ugly things
  3 oklob plants (Lair:4)
  Joseph (D:7)
  8 elephants (Lair:5)
  5 black mambas
  An orange demon (D:8)
  8 cane toads
  3 molten gargoyles (Lair:5)
  2 gargoyles (D:12)
  2 unseen horrors
  11 komodo dragons
  Maggie (D:6)
  3 rime drakes (Lair:5)
  An efreet (D:13)
  A freezing wraith (D:13)
  5 trolls
  A wind drake (Lair:2)
  2 hornets
  4 polar bears (Lair:4)
  Grinder (D:6)
  A slime creature (D:7)
  4 blink frogs (Lair:5)
  Sigmund (D:3)
  9 wyverns
  42 yaks
  A vampire (D:11)
  3 wraiths
  7 basilisks
  A golden eye (shapeshifter) (D:13)
  Grum (D:8)
  2 redbacks (Lair:3)
  Menkaure (D:6)
  6 steam dragons
  6 vampire mosquitoes (D:13)
  Edmund (D:4)
  A naga (shapeshifter) (D:13)
  14 water moccasins
  2 acid dragons
  6 hell hounds
  Duvessa (D:6)
  An ice beast (D:7)
  An ogre (D:4)
  3 orc warriors
  3 black bears
  5 centaurs
  4 wolves (D:8)
  A phantom (D:5)
  2 kobold brigands (D:8)
  Blork the orc (D:6)
  2 gnoll sergeants
  17 bullfrogs
  2 necrophages
  3 scorpions
  5 wights
  Dowan (D:6)
  6 killer bees (D:9)
  7 howler monkeys (D:9)
  5 lava snakes (Lair:5)
  12 orc priests
  3 hounds
  2 jellies
  A gnoll bouda (D:7)
  Crazy Yiuf (D:6)
  2 iguanas (D:4)
  Ijyb (D:5)
  10 orc wizards
  A hell rat (Sewer)
  23 gnolls
  9 adders
  5 river rats
  2 shadow imps
  An ufetubus (D:4)
  A dart slug (D:2)
  44 orcs
  5 endoplasms
  5 giant cockroaches
  3 goblins
  12 hobgoblins
  2 jackals (D:5)
  15 kobolds
  4 quokkas
  6 ball pythons
  2 frilled lizards
  7 rats
458 creatures vanquished.

Vanquished Creatures (collateral kills)
  An orc (D:5)
1 creature vanquished.

Vanquished Creatures (others)
  A basilisk (Lair:5)
  70 fungi
  81 plants
152 creatures vanquished.

Grand Total: 611 creatures vanquished

Notes
Turn   | Place    | Note
-------+----------+-------------------------------------------
     0 | D:1      | Arum the Formicid Fighter began the quest for the Orb.
     0 | D:1      | Reached XP level 1. HP: 18/18 MP: 1/1
     6 | D:1      | Noticed a servant of whispers
     6 | D:1      | Noticed an iguana
     7 | D:1      | Noticed a fire giant
     7 | D:1      | Noticed a hell rat
   172 | D:1      | Reached XP level 2. HP: 20/24 MP: 2/2
   252 | D:1      | Reached XP level 3. HP: 14/27 MP: 3/3
   502 | D:1      | You fall into a shaft and drop 1 floor!
   527 | D:2      | Found a shadowy altar of Dithmenos.
  1196 | D:2      | Reached XP level 4. HP: 37/37 MP: 4/4
  1390 | D:1      | Found Bipev's Magic Scroll Shoppe.
  1396 | D:1      | Bought 2 scrolls of identify for 56 gold pieces
  1470 | D:1      | Reached skill level 4 in Fighting
  1725 | D:3      | Noticed Sigmund
  1745 | D:3      | Killed Sigmund
  1746 | D:3      | Reached XP level 5. HP: 38/43 MP: 5/5
  1746 | D:3      | Reached XP level 6. HP: 44/50 MP: 6/6
  1851 | D:3      | Reached skill level 5 in Fighting
  1855 | D:3      | Reached skill level 5 in Armour
  1969 | D:3      | Found a glowing golden altar of the Shining One.
  1974 | D:3      | Became a worshipper of the Shining One
  2187 | D:3      | Found a faded altar of an unknown god.
  2473 | D:4      | Found Vigeuv's Distillery.
  2481 | D:4      | Bought a potion of curing for 39 gold pieces
  2521 | D:4      | Reached XP level 7. HP: 36/54 MP: 7/7
  2530 | D:4      | Found Butesez's Book Boutique.
  2567 | D:4      | Found Lyxtul's Book Emporium.
  2572 | D:4      | Found Leez's Assorted Antiques.
  2847 | D:4      | Found a glowing drain.
  2858 | Sewer    | Entered a sewer
  2926 | Sewer    | Reached skill level 6 in Fighting
  3074 | D:4      | Reached skill level 5 in Staves
  3133 | D:4      | Reached * piety under the Shining One
  3143 | D:4      | Reached XP level 8. HP: 43/64 MP: 8/8
  3161 | D:4      | Noticed Edmund
  3181 | D:4      | Killed Edmund
  3426 | D:4      | Found an ornate altar of the Wu Jian Council.
  4096 | D:5      | Entered Level 5 of the Dungeon
  4106 | D:5      | Reached skill level 7 in Fighting
  4113 | D:5      | Found a staircase to the Ecumenical Temple.
  4233 | D:5      | Found a shimmering blue altar of Sif Muna.
  4235 | D:5      | Found a basalt altar of Yredelemnul.
  4635 | D:5      | Noticed Ijyb
  4645 | D:5      | Killed Ijyb
  4715 | D:4      | Bought a scroll of identify for 48 gold pieces
  4715 | D:4      | Bought a scroll labelled WOUJICH JARCHOPP for 24 gold
                  | pieces
  4715 | D:4      | Bought a scroll labelled MAORPHI BOMITA for 24 gold pieces
  4933 | D:6      | Noticed Duvessa
  4933 | D:6      | Noticed Dowan
  4959 | D:6      | Killed Duvessa
  4960 | D:6      | Reached XP level 9. HP: 47/72 MP: 9/9
  4973 | D:6      | Killed Dowan
  5091 | D:6      | Noticed Grinder
  5140 | D:6      | Killed Grinder
  5169 | D:6      | Reached skill level 8 in Fighting
  5205 | D:6      | Noticed Blork the orc
  5216 | D:6      | Killed Blork the orc
  5579 | D:6      | Noticed Menkaure
  5587 | D:6      | Killed Menkaure
  5667 | D:6      | Found a runed translucent door.
  5668 | D:6      | Noticed Crazy Yiuf
  5675 | D:6      | Killed Crazy Yiuf
  5945 | D:6      | Noticed Maggie
  5956 | D:6      | Killed Maggie
  5957 | D:6      | Reached skill level 5 in Shields
  6202 | D:7      | Reached XP level 10. HP: 55/80 MP: 10/10
  6405 | D:7      | Reached skill level 9 in Fighting
  6553 | D:7      | Noticed a green ugly thing
  6563 | D:7      | Killed a green ugly thing
  6699 | D:7      | Noticed an unseen horror
  6727 | D:7      | Killed an unseen horror
  6768 | D:7      | Noticed Joseph
  6787 | D:7      | Killed Joseph
  7057 | D:7      | Reached ** piety under the Shining One
  7242 | D:7      | Reached skill level 10 in Fighting
  7242 | D:7      | Reached XP level 11. HP: 90/90 MP: 11/11
  7404 | D:7      | Reached skill level 10 in Armour
  7705 | D:8      | Noticed Grum
  7728 | D:8      | Killed Grum
  7980 | D:8      | Found an iron altar of Okawaru.
  7980 | D:8      | Found a hazy altar of Hepliaklqana.
  8088 | D:8      | Noticed Amaemon
  8096 | D:8      | Killed Amaemon
  8980 | D:9      | Found Qappeam's Jewellery Emporium.
  8985 | D:9      | Bought a ring of poison resistance for 280 gold pieces
  9126 | D:9      | Found a staircase to the Orcish Mines.
  9271 | D:9      | Reached skill level 11 in Fighting
  9360 | D:9      | Reached skill level 10 in Staves
  9360 | D:9      | Reached skill level 10 in Shields
  9512 | D:9      | Found a staircase to the Lair.
  9629 | D:9      | Reached *** piety under the Shining One
  9925 | D:9      | Noticed a cyclops
  9951 | D:9      | Killed a cyclops
  9954 | D:9      | Noticed a two-headed ogre
  9954 | D:9      | Noticed a two-headed ogre
  9981 | D:9      | Killed a two-headed ogre
  9982 | D:9      | Reached XP level 12. HP: 78/100 MP: 12/12
  9987 | D:9      | Killed a two-headed ogre
 10411 | D:10     | Entered Level 10 of the Dungeon
 10507 | D:10     | Noticed a two-headed ogre
 10542 | D:10     | Killed a two-headed ogre
 10543 | D:10     | Reached skill level 12 in Fighting
 10631 | D:10     | Noticed a two-headed ogre
 10643 | D:10     | Killed a two-headed ogre
 10762 | D:10     | Got the Essays on Transfiguration
 11422 | D:11     | Noticed a two-headed ogre
 11432 | D:11     | Killed a two-headed ogre
 11858 | D:11     | Identified a scroll of acquirement
 11859 | D:11     | Acquired the amulet of Jiw Vipt {Faith Rampage rF+}
 12082 | D:11     | Noticed a seven-headed hydra
 12089 | D:11     | Killed a seven-headed hydra
 12841 | D:12     | Noticed a two-headed ogre
 12850 | D:12     | Killed a two-headed ogre
 12851 | D:12     | Reached skill level 13 in Fighting
 12851 | D:12     | Reached XP level 13. HP: 47/111 MP: 13/13
 13670 | D:13     | Reached **** piety under the Shining One
 13671 | D:13     | Noticed a centaur warrior
 13706 | D:13     | Killed a centaur warrior
 13707 | D:13     | Reached skill level 1 in Dodging
 13929 | D:13     | Noticed a five-headed hydra
 13954 | D:12     | Killed a five-headed hydra
 14420 | D:13     | Noticed a centaur warrior
 14434 | D:13     | Killed a centaur warrior
 14708 | D:14     | Noticed Louise
 14770 | D:14     | Killed Louise
 14912 | D:14     | Noticed a boulder beetle
 14967 | D:14     | Killed a boulder beetle
 15015 | D:14     | Noticed a seven-headed hydra
 15019 | D:14     | Noticed a vault guard
 15024 | D:14     | Killed a seven-headed hydra
 15026 | D:14     | Noticed a boulder beetle
 15044 | D:14     | Killed a vault guard
 15045 | D:14     | Reached skill level 14 in Fighting
 15060 | D:14     | Found a gate to the Vaults.
 15102 | D:14     | Killed a boulder beetle
 15250 | D:14     | Noticed a centaur warrior
 15270 | D:14     | Killed a centaur warrior
 15304 | D:14     | Noticed Frances
 15486 | Lair:1   | Entered Level 1 of the Lair of Beasts
 15486 | Lair:1   | Reached ***** piety under the Shining One
 15507 | Lair:1   | Noticed a boulder beetle
 15542 | Lair:1   | Killed a boulder beetle
 15828 | Lair:1   | Reached XP level 14. HP: 95/112 MP: 14/14
 16257 | Lair:2   | Found a staircase to the Shoals.
 16344 | Lair:2   | Reached skill level 5 in Dodging
 16571 | Lair:2   | You fall into a shaft and drop 1 floor!
 16746 | Lair:3   | Found a hole to the Spider Nest.
 18193 | D:1      | Bought a scroll of acquirement for 728 gold pieces
 18195 | D:1      | Acquired the +2 pair of boots of Entitlement {-Tele Fly rF+
                  | Int+5 Slay+2}
 18869 | Lair:4   | Found a viscous altar of Jiyva.
 18882 | Lair:4   | Found a staircase to the Slime Pits.
 19077 | Lair:4   | Reached skill level 15 in Fighting
 19601 | Lair:5   | Entered Level 5 of the Lair of Beasts
 19718 | Lair:5   | Reached skill level 15 in Shields
 20128 | Lair:5   | Found a shimmering altar of Xom.
 20206 | Lair:5   | Identified the +6 rapier of Royalism {freeze, Str+8 Dex+4}
 20219 | Lair:5   | Reached XP level 15. HP: 89/129 MP: 15/15
 20507 | Lair:5   | Found a large runed translucent door.
 20507 | Lair:5   | Found a large runed translucent door.
 20749 | Lair:5   | Reached skill level 16 in Fighting
 21474 | D:14     | HP: 6/124 [Frances/+1 scimitar of protection (11)]
 21477 | D:14     | Slain by Frances

Illustrated notes

Levels and vault maps discovered:
D:1:      onia_arrival_zoo_common, layout_rooms, serial_shops,
          nicolae_shop_advertising_works [nicolae_subvault_shop_adworks],
          minmay_tetromino_l4
D:2:      layout_basic, basic_altar
D:3:      layout_rooms, tso_metal_star,
          dreamdust_ecumenical_altar_hidden_monk_grotto, uniq_sigmund
D:4:      layout_basic, mainiacjoe_overflow_small_starburst, serial_shops,
          nicolae_take_the_stairs, nicolae_shop_window_shopping, shop, shop,
          gup_sewer_entry_bubbles, dreamdust_gnoll_farm, uniq_edmund
D:5:      layout_basic, minitemple, minmay_temple_entry_hall, uniq_ijyb
D:6:      hellmonk_crumbling_castle, layout_cave_pools, uniq_crazy_yiuf_cottage,
          uniq_duvessa, uniq_grinder, uniq_blork_the_orc, uniq_menkaure,
          uniq_maggie
D:7:      layout_rooms, corexii_item_surrounded_by_moat, minivault_4,
          minmay_shattered_shrine, uniq_joseph
D:8:      layout_cave_pods, jmf_multi_god_temple, uniq_grum, uniq_amaemon
D:9:      layout_rooms, due_lair_maze_entry_diamond, orc_0_dummy, serial_shops,
          nicolae_shop_hallway_plus, kennysheep_flooded_box, minmay_bent
D:10:     layout_rooms
D:11:     layout_roguey, kennysheep_generic_room_15
D:12:     layout_cave_pools, minmay_rotating_lava
D:13:     layout_basic
D:14:     layout_roguey, david_vaults_5, dreamdust_mushroom_princess,
          uniq_frances, uniq_louise
Lair:1:   layout_hall_layers, grunt_megastairs_2
Lair:2:   wander_river, layout_cave_pods, minmay_shoals_entry_beasts,
          serial_bayou_shore_b, serial_bayou_shore_b,
          infiniplex_staircase_pool_2
Lair:3:   layout_gridlike, spider_nest_entry_webs
Lair:4:   layout_cave_pods, minmay_slime_entry_oklob_enclosed,
          chequers_serial_rivers_room_a, cheibrodos_lair_lostbears
Lair:5:   cheibrodos_lair_end_hotspot, layout_cave_pods, basic_altar,
          minmay_lair_drake_nest

Skill      XL: |  1  2  3  4  5  6  7  8  9 10 11 12 13 14 15 |
---------------+----------------------------------------------+-----
Fighting       | 4 5 6 7 8 10 11 13 14 15 16 | 16.0
Armour         | 4 5 6 7 8 9 10 | 10.0
Staves         | 3 4 5 6 7 8 10 11 13 14 | 14.0
Shields        | 5 7 10 12 13 15 | 15.0
Dodging        | 4 7 8 |  8.0

Action                   |  1- 3 |  4- 6 |  7- 9 | 10-12 | 13-15 || total
-------------------------+-------+-------+-------+-------+-------++-------
Melee: Quarterstaff      |    67 |    71 |   327 |   667 |  1050 ||  2182
Throw: Throwing net      |       |       |     1 |       |       ||     1
Invok: Divine Shield     |       |       |       |       |     1 ||     1
 Abil: Dig               |     2 |     4 |     5 |    12 |    10 ||    33
Evoke: Wand              |       |       |       |     2 |    12 ||    14
  Use: Scroll            |       |    14 |     7 |     7 |     6 ||    34
       Potion            |       |       |     2 |     5 |     3 ||    10
Armor: Scale mail        |    32 |    30 |    70 |       |       ||   132
       Plate armour      |       |       |    14 |   154 |   239 ||   407
Dodge: Dodged            |    21 |    37 |   144 |   174 |   131 ||   507
Block: Buckler           |    14 |    14 |    69 |   149 |    69 ||   315
       Tower shield      |       |       |       |       |   406 ||   406
